3AA
BETHESDA ATOMS @ YAKIMA HOPS
05/11/2042
 
TOP OF THE 1ST
Bethesda Atoms batting - Pitching for Yakima Hops : RHP Ernesto Morín
Pitching: RHP Ernesto Morín
Batting: LHB Xiao-gang Qing 0-0: Foul Ball, location: 2F
0-1: Foul Ball, location: 2F
0-2: Fly out, F5 (Popup, 5S, EV 86.9 MPH)
Batting: LHB Vicente Torres 0-0: Called Strike
0-1: Ball
1-1: Swinging Strike
1-2: Strikes out looking
Batting: RHB Pancho Hernández 0-0: Ball
1-0: Foul Ball, location: 2F
1-1: Ground out U3 (Groundball, 3, EV 80.0 MPH)
Top of the 1st over - 0 runs, 0 hits, 0 errors, 0 left on base; Bethesda 0 - Yakima 0
BOTTOM OF THE 1ST
Yakima Hops batting - Pitching for Bethesda Atoms : RHP Bartolo Cardona
Pitching: RHP Bartolo Cardona
Batting: LHB Alfredo Pliego 0-0: Ground out 4-3 (Groundball, 4, EV 98.8 MPH)
Batting: LHB Daniel MacBrayne 0-0: Ball
1-0: Called Strike
1-1: Foul Ball, location: 2F
1-2: Ball
2-2: Ground out 1-3 (Groundball, 34S, EV 89.4 MPH)
Batting: LHB Richard Beagle 0-0: Ball
1-0: Ball
2-0: Called Strike
2-1: Ball
3-1: Fly out, F8 (Flyball, 8LS, EV 86.9 MPH)
Bottom of the 1st over - 0 runs, 0 hits, 0 errors, 0 left on base; Bethesda 0 - Yakima 0
TOP OF THE 2ND
Bethesda Atoms batting - Pitching for Yakima Hops : RHP Ernesto Morín
Batting: LHB Ethan Duffy 0-0: Called Strike
0-1: Foul Ball, location: 2F
0-2: SINGLE (Line Drive, 34D, EV 101.9 MPH)
Batting: LHB Ayub Kuthakwakulu 0-0: Called Strike
0-1: Ball
1-1: Foul Ball, location: 2F
1-2: SINGLE (Groundball, 34D, EV 95.6 MPH)
Ethan Duffy to second
Runner from 2nd tries for 3rd, SAFE, throw by RF made to third
Batting: RHB Byron Shadix 0-0: Swinging Strike
0-1: Swinging Strike
0-2: Ball
1-2: Foul Ball, location: 2F
1-2: Ball
2-2: Foul Ball, location: 2F
2-2: Ball
3-2: Foul Ball, location: 2F
3-2: Foul Ball, location: 2F
3-2: SINGLE (Groundball, 6MD, EV 101.9 MPH)
Ethan Duffy scores
Ayub Kuthakwakulu to second
Runner from 2nd tries for 3rd, OUT! 8-5
Batting: LHB Mhelter Narcida 0-0: Swinging Strike
0-1: Hit by Pitch
Byron Shadix to second
Batting: LHB Manny Medina 0-0: Fielders Choice at 3rd, U5 (Groundball, 5L, EV 95.6 MPH)
Mhelter Narcida to second
Batting: RHB Anthony McGee 0-0: Foul Ball, location: 2F
0-1: Ball
1-1: Ball
2-1: Ground out 3-1 (Groundball, 34, EV 91.2 MPH)
Top of the 2nd over - 1 run, 3 hits, 0 errors, 2 left on base; Bethesda 1 - Yakima 0
BOTTOM OF THE 2ND
Yakima Hops batting - Pitching for Bethesda Atoms : RHP Bartolo Cardona
Batting: RHB Miguel Angel Criado 0-0: Ground out 5-3 (Groundball, 56, EV 100.6 MPH)
Batting: LHB Richard Barlow 0-0: Fly out, F7 (Flyball, 7S, EV 95.0 MPH)
Batting: RHB Jorge Esparza 0-0: Ball
1-0: Ball
2-0: Called Strike
2-1: SOLO HOME RUN (Flyball, 7D, EV 101.2 MPH), Distance : 384 ft
Batting: SHB John Joseph 0-0: SINGLE (Groundball, 34D, EV 98.8 MPH)
Batting: RHB Tim Dickson 0-0: Ball
1-0: Foul Ball, location: 2F
1-1: Ball
2-1: Fly out, F9 (Flyball, 89S, EV 81.9 MPH)
Bottom of the 2nd over - 1 run, 2 hits, 0 errors, 1 left on base; Bethesda 1 - Yakima 1
TOP OF THE 3RD
Bethesda Atoms batting - Pitching for Yakima Hops : RHP Ernesto Morín
Batting: LHB Xiao-gang Qing 0-0: Called Strike
0-1: Called Strike
0-2: Ground out 6-3 (Groundball, 56, EV 85.6 MPH)
Batting: LHB Vicente Torres 0-0: Called Strike
0-1: Ball
1-1: Swinging Strike
1-2: Foul Ball, location: 2F
1-2: Foul Ball, location: 2F
1-2: Strikes out swinging
Batting: RHB Pancho Hernández 0-0: Called Strike
0-1: Called Strike
0-2: Ball
1-2: SOLO HOME RUN (Flyball, 78XD, EV 96.9 MPH), Distance : 402 ft
Batting: LHB Ethan Duffy 0-0: SINGLE (Groundball, 6D, EV 98.8 MPH)
Batting: LHB Ayub Kuthakwakulu 0-0: Swinging Strike
0-1: Ball
1-1: Ball
2-1: Called Strike
2-2: Ball
Ethan Duffy steals 2nd base (no throw)
3-2: Base on Balls
Batting: RHB Byron Shadix 0-0: Swinging Strike
0-1: Called Strike
0-2: Ball
1-2: Ball
2-2: DOUBLE (Line Drive, 78D, EV 109.4 MPH)
Ethan Duffy scores
Ayub Kuthakwakulu to third
Runner from 3rd tries for Home, SAFE, throw by CF to home
Batting: LHB Mhelter Narcida 0-0: Called Strike
0-1: Fly out, F9 (Flyball, 9S, EV 86.9 MPH)
Top of the 3rd over - 3 runs, 3 hits, 0 errors, 1 left on base; Bethesda 4 - Yakima 1
BOTTOM OF THE 3RD
Yakima Hops batting - Pitching for Bethesda Atoms : RHP Bartolo Cardona
Batting: LHB Damon Cross 0-0: SINGLE (Line Drive, 56, EV 97.5 MPH)
Batting: LHB Alfredo Pliego 0-0: Called Strike
0-1: Ball
1-1: Ball
2-1: Fielders Choice at 2nd, 4-6 (Groundball, 4M, EV 86.9 MPH)
Batting: LHB Daniel MacBrayne 0-0: Ball
1-0: Ball
2-0: Ball
3-0: Called Strike
3-1: Base on Balls
Alfredo Pliego to second
Batting: LHB Richard Beagle 0-0: Grounds into double play, 5-4-3 (Groundball, 56, EV 82.5 MPH)
Bottom of the 3rd over - 0 runs, 1 hit, 0 errors, 1 left on base; Bethesda 4 - Yakima 1
TOP OF THE 4TH
Bethesda Atoms batting - Pitching for Yakima Hops : RHP Ernesto Morín
Batting: LHB Manny Medina 0-0: Called Strike
0-1: Reached on error, E4 (Groundball, 4, EV 86.9 MPH)
Batting: RHB Anthony McGee 0-0: Swinging Strike
0-1: Ball
1-1: Fly out, F9 (Flyball, 9S, EV 87.5 MPH)
Batting: LHB Xiao-gang Qing 0-0: Ball
1-0: Ball
2-0: Ball
3-0: Called Strike
3-1: Foul Ball, location: 2F
3-2: Fly out, F7 (Flyball, 7, EV 87.5 MPH)
Batting: LHB Vicente Torres 0-0: 2-RUN HOME RUN (Flyball, 89XD, EV 95.6 MPH), Distance : 395 ft
Pitching: RHP Timo Noordam
Batting: RHB Pancho Hernández 0-0: Called Strike
0-1: Swinging Strike
0-2: Ball
1-2: Strikes out swinging
Top of the 4th over - 2 runs, 1 hit, 1 error, 0 left on base; Bethesda 6 - Yakima 1
BOTTOM OF THE 4TH
Yakima Hops batting - Pitching for Bethesda Atoms : RHP Bartolo Cardona
Batting: RHB Miguel Angel Criado 0-0: Ball
1-0: Ball
2-0: Swinging Strike
2-1: Foul Ball, location: 2F
2-2: Foul Ball, location: 2F
2-2: Foul Ball, location: 2F
2-2: Ball
3-2: Fly out, F9 (Flyball, 9LS, EV 90.6 MPH)
Batting: LHB Richard Barlow 0-0: Called Strike
0-1: Called Strike
0-2: Ball
1-2: SINGLE (Groundball, 34S, EV 62.5 MPH) (infield hit)
Batting: RHB Jorge Esparza 0-0: Ball
1-0: Ball
2-0: Called Strike
2-1: Ball
3-1: Fly out, F8 (Flyball, 8LS, EV 88.1 MPH)
Batting: SHB John Joseph 0-0: Ball
1-0: Swinging Strike
1-1: Ground out 4-3 (Groundball, 4, EV 85.6 MPH)
Bottom of the 4th over - 0 runs, 1 hit, 0 errors, 1 left on base; Bethesda 6 - Yakima 1
TOP OF THE 5TH
Bethesda Atoms batting - Pitching for Yakima Hops : RHP Timo Noordam
Batting: LHB Ethan Duffy 0-0: Ball
1-0: SINGLE (Line Drive, 4D, EV 106.9 MPH)
Batting: LHB Ayub Kuthakwakulu 0-0: Ball
1-0: Called Strike
1-1: Foul Ball, location: 2F
1-2: Fly out, F7 (Line Drive, 7, EV 88.8 MPH)
Batting: RHB Byron Shadix 0-0: Called Strike
0-1: Ball
Ethan Duffy steals 2nd base
1-1: SINGLE (Groundball, 6MD, EV 94.4 MPH)
Ethan Duffy to third
Runner from 3rd tries for Home, SAFE, throw by CF to home
Batting: LHB Mhelter Narcida 0-0: DOUBLE (Line Drive, 7LS, EV 90.6 MPH)
Byron Shadix to third
Runner from 3rd tries for Home, SAFE, no throw by LF
Batting: LHB Manny Medina 0-0: Called Strike
0-1: Foul Ball, location: 2F
0-2: Ball
1-2: Ball
2-2: Strikes out swinging
Batting: RHB Anthony McGee 0-0: Ball
1-0: Foul Ball, location: 2F
1-1: Ball
2-1: Fly out, F8 (Flyball, 8LS, EV 84.4 MPH)
Top of the 5th over - 2 runs, 3 hits, 0 errors, 1 left on base; Bethesda 8 - Yakima 1
BOTTOM OF THE 5TH
Yakima Hops batting - Pitching for Bethesda Atoms : RHP Bartolo Cardona
Batting: RHB Tim Dickson 0-0: Foul Ball, location: 2F
0-1: Ball
1-1: DOUBLE (Line Drive, 9LM, EV 88.1 MPH)
Pitching: LHP Nicolas Alonso
Batting: LHB Damon Cross 0-0: Ball
1-0: Foul Ball, location: 2F
1-1: Ball
2-1: Ball
3-1: Fly out, F5 (Flyball, 5D, EV 95.6 MPH)
Batting: LHB Alfredo Pliego 0-0: Called Strike
0-1: Ball
1-1: Called Strike
1-2: Ball
2-2: Fly out, F7 (Flyball, 7LM, EV 91.2 MPH)
Batting: LHB Daniel MacBrayne 0-0: Foul Ball, location: 2F
0-1: Called Strike
0-2: Strikes out swinging
Bottom of the 5th over - 0 runs, 1 hit, 0 errors, 1 left on base; Bethesda 8 - Yakima 1
TOP OF THE 6TH
Bethesda Atoms batting - Pitching for Yakima Hops : RHP Timo Noordam
Batting: LHB Xiao-gang Qing 0-0: Ball
1-0: Swinging Strike
1-1: Called Strike
1-2: Ball
2-2: Strikes out swinging
Batting: LHB Vicente Torres 0-0: Fly out, F7 (Line Drive, 7, EV 83.1 MPH)
Batting: RHB Pancho Hernández 0-0: Fly out, F8 (Flyball, 8LXD, EV 100.6 MPH)
Top of the 6th over - 0 runs, 0 hits, 0 errors, 0 left on base; Bethesda 8 - Yakima 1
BOTTOM OF THE 6TH
Yakima Hops batting - Pitching for Bethesda Atoms : LHP Nicolas Alonso
Batting: LHB Richard Beagle 0-0: Ball
1-0: Ball
2-0: Called Strike
2-1: Ground out U3 (Groundball, 3, EV 78.8 MPH)
Batting: RHB Miguel Angel Criado 0-0: Ball
1-0: SINGLE (Groundball, 6MD, EV 108.1 MPH)
Batting: LHB Richard Barlow 0-0: Ball
1-0: SINGLE (Line Drive, 6D, EV 103.8 MPH)
Miguel Angel Criado to second
Batting: RHB Jorge Esparza 0-0: Ball
1-0: Foul Ball, location: 2F
1-1: Ball
2-1: Ball
3-1: Base on Balls
Miguel Angel Criado to third
Richard Barlow to second
Batting: SHB John Joseph 0-0: Ball
1-0: Fly out, F7 (Flyball, 7S, EV 89.4 MPH)
Batting: RHB Tim Dickson 0-0: Ball
1-0: Ball
2-0: Called Strike
2-1: Ball
3-1: Called Strike
3-2: Strikes out looking
Bottom of the 6th over - 0 runs, 2 hits, 0 errors, 3 left on base; Bethesda 8 - Yakima 1
TOP OF THE 7TH
Bethesda Atoms batting - Pitching for Yakima Hops : RHP Timo Noordam
Batting: LHB Ethan Duffy 0-0: Called Strike
0-1: Swinging Strike
0-2: Ball
1-2: Ball
2-2: Strikes out looking
Batting: LHB Ayub Kuthakwakulu 0-0: Called Strike
0-1: Called Strike
0-2: Ground out 5-3 (Groundball, 56S, EV 82.5 MPH)
Batting: RHB Byron Shadix 0-0: Called Strike
0-1: Ball
1-1: Called Strike
1-2: Strikes out looking
Top of the 7th over - 0 runs, 0 hits, 0 errors, 0 left on base; Bethesda 8 - Yakima 1
BOTTOM OF THE 7TH
Yakima Hops batting - Pitching for Bethesda Atoms : LHP Nicolas Alonso
Batting: LHB Damon Cross 0-0: Foul Ball, location: 2F
0-1: Called Strike
0-2: Ground out 6-3 (Groundball, 6, EV 89.4 MPH)
Batting: LHB Alfredo Pliego 0-0: Called Strike
0-1: Ball
1-1: Ball
2-1: Swinging Strike
2-2: SINGLE (Flyball, 89M, EV 99.4 MPH)
Batting: LHB Daniel MacBrayne 0-0: Ball
1-0: Ball
2-0: Foul Ball, location: 2F
2-1: Fly out, F7 (Flyball, 7S, EV 90.0 MPH)
Batting: LHB Richard Beagle 0-0: Called Strike
0-1: Ball
1-1: Ball
2-1: Swinging Strike
2-2: Strikes out swinging
Bottom of the 7th over - 0 runs, 1 hit, 0 errors, 1 left on base; Bethesda 8 - Yakima 1
TOP OF THE 8TH
Bethesda Atoms batting - Pitching for Yakima Hops : RHP Timo Noordam
Batting: LHB Mhelter Narcida 0-0: Called Strike
0-1: Swinging Strike
0-2: Ball
1-2: Ball
2-2: Foul Ball, location: 2F
2-2: Ground out 1-3 (Groundball, 23, EV 72.5 MPH)
Batting: LHB Manny Medina 0-0: Fly out, F7 (Flyball, 7LS, EV 83.8 MPH)
Batting: RHB Anthony McGee 0-0: Ground out 6-3 (Groundball, 6, EV 107.5 MPH)
Top of the 8th over - 0 runs, 0 hits, 0 errors, 0 left on base; Bethesda 8 - Yakima 1
BOTTOM OF THE 8TH
Yakima Hops batting - Pitching for Bethesda Atoms : LHP Nicolas Alonso
Batting: RHB Miguel Angel Criado 0-0: Called Strike
0-1: Fly out, F9 (Flyball, 9S, EV 73.1 MPH)
Batting: LHB Richard Barlow 0-0: Ground out 4-3 (Groundball, 4S, EV 82.5 MPH)
Batting: RHB Jorge Esparza 0-0: Called Strike
0-1: Swinging Strike
0-2: Foul Ball, location: 2F
0-2: Ball
1-2: Ball
2-2: Strikes out looking
Bottom of the 8th over - 0 runs, 0 hits, 0 errors, 0 left on base; Bethesda 8 - Yakima 1
TOP OF THE 9TH
Bethesda Atoms batting - Pitching for Yakima Hops : RHP Timo Noordam
Batting: LHB Xiao-gang Qing 0-0: Ball
1-0: Fly out, F8 (Flyball, 8LXD, EV 94.4 MPH)
Batting: LHB Vicente Torres 0-0: Foul Ball, location: 2F
0-1: Ball
1-1: DOUBLE (Groundball, 3L, EV 94.4 MPH)
Pitching: RHP Logan Barker
Batting: RHB Pancho Hernández 0-0: Ball
1-0: Ball
2-0: Called Strike
2-1: Swinging Strike
2-2: Fly out, F7 (Flyball, 78M, EV 93.1 MPH)
Batting: LHB Ethan Duffy 0-0: Called Strike
0-1: Swinging Strike
0-2: Strikes out swinging
Top of the 9th over - 0 runs, 1 hit, 0 errors, 1 left on base; Bethesda 8 - Yakima 1
BOTTOM OF THE 9TH
Yakima Hops batting - Pitching for Bethesda Atoms : LHP Nicolas Alonso
Batting: SHB John Joseph 0-0: Swinging Strike
0-1: Foul Ball, location: 2F
0-2: Foul Ball, location: 2F
0-2: Ground out 6-3 (Groundball, 6, EV 90.6 MPH)
Batting: RHB Tim Dickson 0-0: Ball
1-0: Ball
2-0: Ball
3-0: Base on Balls
Pitching: RHP Kang-keun Yong
Batting: LHB Damon Cross 0-0: Foul Ball, location: 2F
0-1: SINGLE (Groundball, 3, EV 89.4 MPH) (infield hit)
Tim Dickson to second
Batting: LHB Alfredo Pliego 0-0: Ball
1-0: Ball
2-0: Ball
3-0: Foul Ball, location: 2F
3-1: Base on Balls
Tim Dickson to third
Damon Cross to second
Batting: LHB Daniel MacBrayne 0-0: Foul Ball, location: 2F
0-1: Ball
1-1: Ball
2-1: Foul Ball, location: 2F
2-2: Ball
3-2: Strikes out swinging
Batting: LHB Richard Beagle 0-0: Called Strike
0-1: Foul Ball, location: 2F
0-2: Ball
1-2: SINGLE (Groundball, 3D, EV 95.6 MPH)
Tim Dickson scores
Damon Cross to third
Alfredo Pliego to second
Batting: RHB Miguel Angel Criado 0-0: Ball
1-0: Ball
2-0: Swinging Strike
2-1: Ball
3-1: Foul Ball, location: 2F
3-2: Fly out, F4 (Popup, 4D, EV 75.0 MPH)
Bottom of the 9th over - 1 run, 2 hits, 0 errors, 3 left on base; Bethesda 8 - Yakima 2
Friday, March 26th, 2021 - OOTP Baseball 20.8 Build 74